 Dungeon Crawl Stone Soup version 0.20-a0-29-g41cc41e (webtiles) character file.

4016 KristoblXynda the Covert (level 10, -8/84 HPs)
             Began as a Naga Hunter on Nov 8, 2016.
             Was a Believer of Cheibriados.
             Mangled by an orc warrior
             ... wielding a +0 long sword
              (21 damage)
             ... on level 8 of the Dungeon.
             The game lasted 00:30:25 (9835 turns).

KristoblXynda the Covert (Naga Hunter)              Turns: 9835, Time: 00:30:26

Health: -8/84      AC:  9    Str: 21    XL:     10   Next: 23%
Magic:  13/13      EV: 11    Int: 20    God:    Cheibriados [**....]
Gold:   166        SH:  0    Dex: 18    Spells: 0 memorised, 9 levels left

rFire  + . .     SeeInvis +     r - +2 dagger (flame)
rCold  . . .     Gourm    .     l - +3 leather armour {rPois}
rNeg   + . .     Faith    .     (no shield)
rPois  +         Spirit   .     q - +0 helmet
rElec  .         Reflect  .     (no cloak)
rCorr  .         Harm     .     (no gloves)
MR     +....                    (no barding)
Stlth  +++++.....               (no amulet)
                                m - ring of positive energy
                                h - ring of protection from fire

@: short of breath, very slow
A: see invisible, deformed body, poison resistance, slowness 2, slow metabolism
1, spit poison 1, AC +3
a: Spit Poison, Bend Time, Renounce Religion


You were on level 8 of the Dungeon.
You worshipped Cheibriados.
Cheibriados was pleased with you.
You were hungry.

You visited 2 branches of the dungeon, and saw 9 of its levels.

You collected 416 gold pieces.
You spent 250 gold pieces at shops.

Inventory:

Hand Weapons
 a - a +3 hand crossbow
 p - a +0 dagger of holy wrath
 r - a +2 dagger of flaming (weapon)
Missiles
 d - 28 bolts
Armour
 l - a +3 leather armour of poison resistance (worn)
 q - a +0 helmet (worn)
Jewellery
 h - a ring of protection from fire (left hand)
 m - a ring of positive energy (right hand)
 s - a +4 ring of protection {unknown}
Wands
 e - a wand of iceblast (11/15)
 j - a wand of confusion (30/48)
 n - a wand of disintegration (14/24)
Scrolls
 o - a scroll of fog
 v - 3 scrolls of amnesia
 y - 3 scrolls of remove curse
Potions
 c - 2 potions of agility
 g - 2 potions of cancellation
Books
 i - Jisk's Incunabulum of Ignition and Transmigration
   (You found it on level 8 of the Dungeon)

   Spells                             Type                      Level
   a - Throw Flame                    Conjuration/Fire             2
   b - Fireball                       Conjuration/Fire             5
   c - Bolt of Fire                   Conjuration/Fire             6
   d - Dragon Form                    Transmutation                7
 k - a book of Frost

   Spells                             Type                      Level
   a - Freeze                         Ice                          1
   b - Throw Frost                    Conjuration/Ice              2
   c - Ozocubu's Armour               Charms/Ice                   3
   d - Throw Icicle                   Conjuration/Ice              4
   e - Summon Ice Beast               Ice/Summoning                4
Comestibles
 b - 4 meat rations
 f - 4 bread rations
 t - 5 fruits


   Skills:
 - Level 3.0 Fighting
 - Level 2.0 Short Blades
 - Level 6.6 Crossbows
 + Level 6.1 Armour
 - Level 2.7 Dodging
 + Level 12.4 Stealth
 + Level 4.0 Invocations
 - Level 3.6 Evocations


You had 9 spell levels left.
You didn't know any spells.

Dungeon Overview and Level Annotations

Branches:
Dungeon (8/15)             Temple (1/1) D:7            Lair (0/6) D:8

Altars:
Ashenzari
Cheibriados
Dithmenos
Elyvilon
Hepliaklqana
Kikubaaqudgha
Makhleb
Okawaru
Qazlal
Ru
Trog
Vehumet
Xom
Zin
The Shining One

Shops:
D:6 !


Innate Abilities, Weirdness & Mutations

You cannot wear boots.
Your serpentine skin is tough. (AC +3)
You have supernaturally acute eyesight. (SInv)
Armour fits poorly on your strangely shaped body.
Your system is resistant to poisons. (rPois)
You cover ground very slowly.
You have a slow metabolism.
You can spit poison.


Message History

The orc warrior is almost dead.
You have got your breath back.
The orc warrior hits you with a long sword!
* * * LOW HITPOINT WARNING * * *
Press: ? - help, Shift-Dir - straight line, f/p - orc warrior
Aim: an orc warrior, wielding a long sword and wearing a plate armour (almost dead)
The splash of poison hits the orc warrior.
The orc warrior appears unharmed.
The orc warrior is almost dead.
You feel slightly more hungry.
You can't do that yet.
Unknown command.
You feel better. The orc warrior barely misses you.
You hit the orc warrior but do no damage.
The orc warrior is almost dead.
The orc warrior barely misses you.
You hit the orc warrior but do no damage.
The orc warrior is almost dead.
The orc warrior hits you with a long sword!!
You die...

#................##
##.................#
##.PP....P..........#
#.....P.P..........## ######
##...P...P.........##
##....###..PPP.P...P......##
#...........PP####P...P.###
#..........P.P#.>#...P..#
#.........P...@o.#..P...#######
#.....)....P.P####.P...###.....
#........PP.P..PPPP.P..##......
#.............P.......##.......
#.............P.......##.......
#..............P.....#.....)...
##...........PP....#####.......
#.........#....#### ###...##
#(......######## ###...


You could see an orc warrior.

Vanquished Creatures
  Pikel (D:6)
  A two-headed ogre (D:8)
  Sigmund (D:4)
  Edmund (D:6)
  A phantom (D:6)
  2 sky beasts
  6 ogres
  3 centaurs
  Blork the orc (D:4)
  4 bullfrogs
  A wyvern zombie (D:7)
  A wyvern skeleton (D:7)
  2 scorpions
  5 killer bees (D:8)
  A centaur zombie (D:8)
  4 crimson imps
  A jelly (D:5)
  4 hounds
  A bullfrog skeleton (D:8)
  2 centaur skeletons (D:5)
  6 orc wizards
  3 orc priests
  Ijyb (D:2)
  3 iguanas
  6 worker ants
  2 hound skeletons
  Robin (D:4)
  9 gnolls
  10 adders
  A river rat (D:8)
  2 shadow imps
  An ooze (D:7)
  An adder skeleton (D:7)
  4 worms
  4 dart slugs
  7 leopard geckos
  18 orcs
  19 bats
  6 giant cockroaches
  30 goblins
  13 hobgoblins
  8 jackals
  9 kobolds
  5 quokkas
  4 ball pythons
  3 frilled lizards (D:2)
  A jackal skeleton (D:8)
  A jackal zombie (D:5)
  A leopard gecko skeleton (D:5)
  A leopard gecko zombie (D:7)
  2 quokka skeletons
  A quokka zombie (D:6)
  16 rats
242 creatures vanquished.

Vanquished Creatures (others)
  3 slaves (D:6)
  2 bullfrogs (D:6)
  An iguana (D:6)
  A worker ant zombie (D:6)
  3 gnolls (D:6)
  2 fungi (D:8)
12 creatures vanquished.

Grand Total: 254 creatures vanquished

Notes
Turn   | Place    | Note
-------+----------+-------------------------------------------
     0 | D:1      | KristoblXynda the Naga Hunter began the quest for the Orb.
     0 | D:1      | Reached XP level 1. HP: 19/19 MP: 1/1
    31 | D:1      | Reached skill level 2 in Stealth
    53 | D:1      | Reached XP level 2. HP: 4/26 MP: 2/2
   527 | D:1      | Reached XP level 3. HP: 32/32 MP: 3/3
   760 | D:2      | Found a bloodstained altar of Trog.
   867 | D:2      | Noticed Ijyb
   883 | D:2      | Killed Ijyb
   883 | D:2      | Reached skill level 3 in Stealth
   883 | D:2      | Reached XP level 4. HP: 37/39 MP: 4/4
  1100 | D:2      | Found a radiant altar of Vehumet.
  1108 | D:2      | Found a shimmering altar of Xom.
  1208 | D:2      | Found a shattered altar of Ashenzari.
  1638 | D:3      | Found a glowing silver altar of Zin.
  1718 | D:3      | Reached XP level 5. HP: 38/45 MP: 5/5
  1942 | D:3      | Found an ancient bone altar of Kikubaaqudgha.
  2025 | D:3      | Reached skill level 4 in Stealth
  2119 | D:3      | Found a sacrificial altar of Ru.
  2274 | D:3      | Reached skill level 1 in Short Blades
  2371 | D:3      | Gained mutation: You have very sharp teeth. [potion of mutation]
  2371 | D:3      | Gained mutation: You are weak. (Str -2) [potion of mutation]
  2371 | D:3      | Gained mutation: You are occasionally teleported next to monsters. [potion of mutation]
  2392 | D:3      | Reached skill level 5 in Crossbows
  2392 | D:3      | Reached XP level 6. HP: 35/52 MP: 6/6
  2724 | D:4      | Noticed Blork the orc
  2729 | D:4      | Killed Blork the orc
  2729 | D:4      | Reached skill level 5 in Stealth
  2812 | D:4      | Gained mutation: You are partially covered in molten scales. (AC +2) [potion of mutation]
  2812 | D:4      | Gained mutation: You tend to lose your temper in combat. [potion of mutation]
  2812 | D:4      | Gained mutation: You are resistant to hostile enchantments. (MR+) [potion of mutation]
  3131 | D:4      | Noticed Sigmund
  3234 | D:4      | Killed Sigmund
  3234 | D:4      | Reached skill level 1 in Armour
  3234 | D:4      | Reached skill level 6 in Stealth
  3234 | D:4      | Reached XP level 7. HP: 44/60 MP: 7/7
  3284 | D:4      | Noticed Robin
  3303 | D:4      | Killed Robin
  3538 | D:4      | Found a burning altar of Makhleb.
  3889 | D:5      | Entered Level 5 of the Dungeon
  4044 | D:5      | Reached skill level 7 in Stealth
  4304 | D:5      | Reached XP level 8. HP: 67/67 MP: 8/8
  4569 | D:5      | Reached skill level 8 in Stealth
  4576 | D:5      | Found a glowing golden altar of the Shining One.
  5017 | D:5      | Lost mutation: You are resistant to hostile enchantments. (MR+) [mutagenic meat]
  5020 | D:5      | Lost mutation: You tend to lose your temper in combat. [mutagenic meat]
  5310 | D:5      | Found an iron altar of Okawaru.
  5556 | D:6      | Found Anasih's Distillery.
  5625 | D:6      | Reached skill level 1 in Evocations
  5634 | D:6      | Reached skill level 9 in Stealth
  5660 | D:6      | Noticed Pikel
  5674 | D:6      | Killed Pikel
  5674 | D:6      | Reached XP level 9. HP: 73/73 MP: 9/11
  5677 | D:6      | Reached skill level 10 in Stealth
  5741 | D:6      | Bought a potion of cure mutation for 250 gold pieces
  5741 | D:6      | Lost mutation: You are weak. (Str -2) [potion of cure mutation]
  5741 | D:6      | Lost mutation: You are occasionally teleported next to monsters. [potion of cure mutation]
  5741 | D:6      | Lost mutation: You are partially covered in molten scales. (AC +2) [potion of cure mutation]
  5741 | D:6      | Lost mutation: You have very sharp teeth. [potion of cure mutation]
  6082 | D:6      | Found a stormy altar of Qazlal.
  6744 | D:6      | Noticed Edmund
  6793 | D:6      | Killed Edmund
  7084 | D:7      | Found a shadowy altar of Dithmenos.
  7111 | D:7      | Reached skill level 5 in Armour
  7529 | D:7      | Found a staircase to the Ecumenical Temple.
  7541 | Temple   | Entered the Ecumenical Temple
  7551 | Temple   | Became a worshipper of Cheibriados the Contemplative
  7575 | D:7      | Reached skill level 11 in Stealth
  7668 | D:7      | Reached skill level 1 in Invocations
  8037 | D:7      | Reached * piety under Cheibriados
  8652 | D:8      | Noticed a two-headed ogre
  8690 | D:8      | Killed a two-headed ogre
  8690 | D:8      | Reached XP level 10. HP: 46/84 MP: 12/12
  8705 | D:8      | Reached skill level 12 in Stealth
  8917 | D:8      | Reached ** piety under Cheibriados
  9179 | D:8      | Found a white marble altar of Elyvilon.
  9641 | D:8      | Found a staircase to the Lair.
  9758 | D:8      | Identified Jisk's Incunabulum of Ignition and Transmigration
  9831 | D:8      | HP: 2/84 [orc warrior/long sword (10)]
  9835 | D:8      | Mangled by an orc warrior

Vault maps used:
D:1:      grunt_arrival_crossed_arrows, minmay_pentomino_o2
D:2:      nicolae_overflow_hidden_temple, hex_tiny, trog_three_pillars_becter,
          uniq_iyjb
D:3:      kennysheep_the_goblin_king, nicolae_overflow_crystal_walls,
          kiku_gazebo_garden_becter, lemuel_doored_altar,
          kennysheep_generic_room_7
D:4:      makhleb_heckhound_becter, first_bread, uniq_blork_the_orc, uniq_robin,
          uniq_sigmund
D:5:      tso_oasis_becter, serial_curves, eino_curves_01, eino_curves_02,
          okawaru_altar_gauntlet_db
D:6:      kennysheep_mini_moat, serial_shops, shop, uniq_pikel, uniq_edmund
D:7:      lemuel_round_altar
D:8:      kennysheep_little_box, grunt_lair_entry_orc_guard_hut
Temple:   compressed_dpeg_circular_temple

Skill      XL: |  1  2  3  4  5  6  7  8  9 10 |
---------------+-------------------------------+-----
Stealth        | 2 3 4 6 7 9 11 12 | 12.4
Dodging        | 2 |  2.7
Crossbows      | 4 5 6 |  6.6
Short Blades   | 1 2 |  2.0
Armour         | 1 2 4 5 6 |  6.1
Evocations     | 3 |  3.6
Fighting       | 3 |  3.0
Invocations    | 3 4 |  4.0

Action                   |  1- 3 |  4- 6 |  7- 9 | 10-12 || total
-------------------------+-------+-------+-------+-------++-------
Melee: Short sword       |    18 |     1 |       |       ||    19
       Dagger            |       |   268 |   662 |   139 ||  1069
       Bite              |       |     5 |    31 |       ||    36
 Fire: Hand crossbow     |    59 |     1 |    24 |     2 ||    86
Throw: Throwing net      |       |       |     1 |       ||     1
 Abil: Spit Poison       |     4 |    34 |    43 |    16 ||    97
Evoke: Wand              |       |       |     4 |       ||     4
  Use: Scroll            |     1 |    12 |     9 |     1 ||    23
       Potion            |       |     7 |    10 |     5 ||    22
 Stab: Sleeping          |       |     6 |    10 |       ||    16
       Distracted        |       |       |     1 |       ||     1
  Eat: Chunk             |       |     6 |     7 |     1 ||    14
       Bread ration      |       |     1 |     2 |       ||     3
       Fruit             |       |       |     2 |       ||     2
       Beef jerky        |       |       |     2 |       ||     2
Armor: Ring mail         |    15 |    24 |       |       ||    39
       Leather armour    |       |    87 |   258 |    88 ||   433
       Skin              |       |    23 |       |       ||    23
Dodge: Dodged            |    17 |   149 |   325 |   169 ||   660
